 Dungeon Crawl Stone Soup version 0.18-a0-1639-g7533f42 (webtiles) character file.

472 4thArraOfDagon the Chopper (level 7, -1/50 (52) HPs)
             Began as a Human Fighter on Mar 27, 2016.
             Was a Believer of Makhleb.
             Slain by a water moccasin (4 damage)
             ... on level 6 of the Dungeon.
             The game lasted 00:10:36 (1878 turns).

4thArraOfDagon the Chopper (Human Fighter)          Turns: 1878, Time: 00:10:36

HP:   -1/50 (52)    AC: 12    Str: 15 (17) XL:     7   Next: 31%
MP:   7/7           EV:  6    Int: 10      God:    Makhleb [**....]
Gold: 161           SH:  0    Dex: 10 (12) Spells: 0 memorised, 6 levels left

rFire  . . .     SeeInvis .     a - +1 war axe
rCold  . . .     Gourm    .     i - +0 chain mail
rNeg   . . .     Faith    .     (no shield)
rPois  .         Spirit   .     (no helmet)
rElec  .         Dismiss  .     (no cloak)
rCorr  .         Reflect  .     c - +1 pair of gloves
SustAt .         Harm     .     (no boots)
MR     .....                    (no amulet)
Stlth  ..........               (no ring)
                                (no ring)

@: lethally poisoned (-1 -> -23), not resistant to hostile enchantments,
extremely unstealthy
A: no striking features
a: Minor Destruction, Renounce Religion


You were on level 6 of the Dungeon.
You worshipped Makhleb.
Makhleb was pleased with you.
You were not hungry.

You visited 1 branch of the dungeon, and saw 7 of its levels.

You collected 161 gold pieces.

Inventory:

Hand Weapons
 a - a +1 war axe (weapon)
Missiles
 o - 4 javelins (quivered)
Armour
 c - a +1 pair of gloves (worn)
 i - a +0 chain mail (worn)
Jewellery
 g - an uncursed ring of ice
Scrolls
 b - a scroll of amnesia
 d - a scroll of identify
 j - a scroll of noise
 p - 2 scrolls of remove curse
Comestibles
 f - a bread ration
 h - a meat ration
 m - 3 chunks of flesh


   Skills:
 - Level 3.0 Fighting
 * Level 6.2 Axes
 + Level 5.1 Armour
   Level 3.0 Shields


You had 6 spell levels left.
You didn't know any spells.

Dungeon Overview and Level Annotations

Branches:
Dungeon (7/15)
 Temple: D:4-7

Altars:
Cheibriados
Gozag
Kikubaaqudgha
Makhleb
Nemelex Xobeh
Pakellas
Qazlal
Ru
Trog
Vehumet
Yredelemnul

Shops:
D:5 (

Annotations:
D:4 Grinder
D:5 exclusion: upstairs, Dowan


Message History

You hit the water moccasin.
The water moccasin is heavily wounded.
* * * LOW HITPOINT WARNING * * *
You feel very sick.
The water moccasin bites you but does no damage. x2
Unknown command.
You barely miss the water moccasin.
The water moccasin is heavily wounded.
* * * LOW HITPOINT WARNING * * *
You feel very sick. The water moccasin barely misses you.
Unknown command.
Unknown command.
You completely miss the water moccasin.
The water moccasin is heavily wounded.
* * * LOW HITPOINT WARNING * * *
You feel sick.
The water moccasin bites you but does no damage.
The water moccasin bites you.
You die...

#. #. ♣##. .#. §≈ .. #####
5≈≈P #. #.... h≈≈..#.##
######### #.##>
#...###.......# #.##.
##...>..@.###.# #.#..
##....##S#.###.#### #)#..
#.#.#.##.#........# #.#..
#.........#..##.##.# #....
####.#.####..##.##.# ####.
##'#.# #..##..#.# #.
########....####..###.#.#
#.
##.................###.#.#
#.
..._..........####.#.#.#.#
#.


You could see a water moccasin.

Vanquished Creatures
  A necrophage (D:6)
  The ghost of Krapule the Charmwright, an amateur HESk (D:3)
  A water moccasin zombie (D:6)
  A howler monkey (D:3)
  2 crimson imps
  Natasha (D:4)
  2 worker ants
  A hound zombie (D:5)
  2 adders
  An ooze (D:1)
  7 orcs
  2 giant cockroaches
  3 hobgoblins (D:3)
  3 jackals
  A quokka (D:4)
  3 bats
  3 giant newts
  4 goblins
  3 rats
42 creatures vanquished.

Notes
Turn   | Place    | Note
--------------------------------------------------------------
     0 | D:1      | 4thArraOfDagon the Human Fighter began the quest for the Orb.
     0 | D:1      | Reached XP level 1. HP: 18/18 MP: 1/1
     0 | D:1      | 4thArraOfDagon: impossible temples
     0 | D:1      | 4thArraOfDagon: d:2 aders
     1 | D:1      | jacquesderrida: hi
    65 | D:1      | Zhokez: helo
    67 | D:1      | jacquesderrida: im possiburu
    70 | D:1      | Zhokez: ded
    86 | D:1      | jacquesderrida: u ded
   100 | D:1      | Zhokez: unded
   100 | D:1      | useless rings
   123 | D:3      | jacquesderrida: Ulysses rings
   123 | D:3      | Reached XP level 2. HP: 24/24 MP: 2/2
   140 | D:3      | jacquesderrida: :D :D :D
   148 | D:3      | jacquesderrida: D: D: D:
   154 | D:3      | jacquesderrida: :O :O :O
   159 | D:3      | Found a faded altar to an unknown god.
   163 | D:3      | jacquesderrida: ;^) ;^) ;^)
   165 | D:3      | jacquesderrida: (^; (^; (^;
   165 | D:3      | tele traps
   209 | D:3      | Zhokez: Đ Đ Đ
   225 | D:3      | Found a sacrificial altar of Ru.
   225 | D:3      | Found a stormy altar of Qazlal.
   226 | D:3      | useless altars
   228 | D:3      | Became a worshipper of Ru the Awakened
   261 | D:2      | Zhokez: RU IZ RU
   280 | D:3      | jacquesderrida: stahp
   280 | D:3      | Fell from the grace of Ru
   280 | D:3      | Became a worshipper of Makhleb the Destroyer
   280 | D:3      | Reached * piety under Makhleb
   280 | D:3      | ROFL
   285 | D:3      | Noticed a howler monkey
   295 | D:3      | Killed a howler monkey
   295 | D:3      | Reached skill level 3 in Axes
   295 | D:3      | Reached XP level 3. HP: 26/29 MP: 3/3
   295 | D:3      | jacquesderrida: I am kill you
   295 | D:3      | Reached XP level 4. HP: 31/35 MP: 4/4
   356 | D:1      | Zhokez: passiv agressiv
   399 | D:2      | Zhokez: tum balalaika
   410 | D:3      | jacquesderrida: u assive regressive
   437 | D:3      | jacquesderrida: I am sea all
   497 | D:3      | Noticed Krapule's ghost (amateur HESk)
   497 | D:3      | jacquesderrida: I sink you in see
   515 | D:3      | jacquesderrida: dayne
   518 | D:3      | Killed Krapule's ghost
   518 | D:3      | Reached ** piety under Makhleb
   518 | D:3      | Reached skill level 4 in Axes
   518 | D:3      | Reached XP level 5. HP: 15/41 MP: 5/5
   525 | D:3      | jacquesderrida: invincible gost
   609 | D:3      | jacquesderrida: also hi
   619 | D:3      | Zhokez: helo
   639 | D:3      | Zhokez: do I know you?
   640 | D:4      | Noticed Natasha
   758 | D:4      | Zhokez: LUMUHE WOSCE
   763 | D:4      | jacquesderrida: Thank you, sir!!
   776 | D:4      | jacquesderrida: Sir!
   785 | D:4      | jacquesderrida: You are LOPUH!
   798 | D:4      | jacquesderrida: BOLVAN!!!
   867 | D:4      | jacquesderrida: DOOBINA!
   890 | D:4      | Noticed Grinder
   890 | D:4      | Paralysed by Grinder for 5 turns
   897 | D:5      | Entered Level 5 of the Dungeon
   909 | D:5      | Reached XP level 6. HP: 20/47 MP: 6/6
   995 | D:5      | Found Temilyoth's Weapon Boutique.
  1001 | D:5      | Zhokez: do you love anybody jacqusderrida?
  1015 | D:5      | Noticed Dowan
  1059 | D:4      | Zhokez: I see so much hatred
  1099 | D:4      | Paralysed by Grinder for 6 turns
  1122 | D:4      | Zhokez: KILL THAT BASTARD
  1126 | D:4      | jacquesderrida: I am love you
  1232 | D:4      | jacquesderrida: I make love to you
  1243 | D:4      | jacquesderrida: TO zhokez
  1246 | D:4      | Killed Natasha
  1246 | D:4      | Reached skill level 5 in Axes
  1273 | D:5      | jacquesderrida: I in lav with jeq
  1329 | D:5      | Zhokez: your sots are stenj
  1408 | D:5      | jacquesderrida: Speak human, you baster!
  1438 | D:5      | jacquesderrida: Or I will have you egg se cuted
  1467 | D:5      | Zhokez: role umind?
  1473 | D:5      | Found an oddly glowing altar of Pakellas.
  1489 | D:5      | jacquesderrida: It's an old french torture
  1526 | D:6      | Zhokez: tum de linque sidon
  1569 | D:6      | Zhokez: zoi vanta!!
  1634 | D:6      | Found an ancient bone altar of Kikubaaqudgha.
  1635 | D:6      | Found an opulent altar of Gozag.
  1635 | D:6      | Found a snail-covered altar of Cheibriados.
  1638 | D:6      | Found a radiant altar of Vehumet.
  1640 | D:6      | Found a sparkling altar of Nemelex Xobeh.
  1640 | D:6      | Found a basalt altar of Yredelemnul.
  1641 | D:6      | Found a bloodstained altar of Trog.
  1641 | D:6      | Noticed a necrophage
  1654 | D:6      | Killed a necrophage
  1654 | D:6      | Reached skill level 6 in Axes
  1654 | D:6      | Reached skill level 5 in Armour
  1654 | D:6      | Reached XP level 7. HP: 48/50 MP: 7/7
  1658 | D:6      | Noticed a water moccasin
  1676 | D:6      | jacquesderrida: Hey you!
  1703 | D:6      | Zhokez: dere don
  1718 | D:7      | jacquesderrida: I will make you pey!
  1771 | D:7      | Noticed a hippogriff
  1780 | D:6      | Zhokez: noi ru dostpe :)
  1823 | D:6      | jacquesderrida: okey
  1850 | D:6      | jacquesderrida: YOu can leave now
  1862 | D:6      | Noticed a water moccasin
  1878 | D:6      | Slain by a water moccasin

Vault maps used:
D:1:      nagdon_arrival_double_spiral
D:2:      uniq_iyjb
D:3:      gammafunk_temple_overflow_elements, ecumenical_altar_1
D:4:      nicolae_tso_carved_into_rock, first_bread, uniq_grinder, uniq_natasha
D:5:      nicolae_overflow_hidden_temple, serial_shops, nicolae_shop_stone,
          minmay_holes, minmay_misc_feat_rows, uniq_duvessa
D:6:      grunt_temple_overflow_open, minmay_temple_entry_poolview,
          serial_bayou_pond_b, lemuel_old_faithful, uniq_eustachio
D:7:      grunt_ogre_cave, uniq_crazy_yiuf_cottage, uniq_menkaure

Skill      XL: |  1  2  3  4  5  6 |
---------------+-------------------+-----
Axes           | 3 4 6 |  6.2
Armour         | 4 5 |  5.1
Fighting       | |  3.0
Shields        | |  3.0

Action                   |  1- 3 |  4- 6 |  7- 9 || total
-------------------------+-------+-------+-------++-------
Melee: War axe           |    31 |   171 |    73 ||   275
  Use: Potion            |       |     4 |       ||     4
       Scroll            |       |     8 |     5 ||    13
  Eat: Beef jerky        |       |     1 |       ||     1
       Bread ration      |       |     1 |       ||     1
